 Dungeon Crawl Stone Soup version 0.22-a0-580-gd5db89c09a (webtiles) character file.

219 D1HalberdGnoll the Magician (level 5, 0/38 HPs)
             Began as a Gnoll Wizard on July 3, 2018.
             Slain by a ball python (1 damage)
             ... on level 3 of the Dungeon.
             The game lasted 00:05:14 (2956 turns).

D1HalberdGnoll the Magician (Gnoll Wizard)          Turns: 2956, Time: 00:05:14

Health: 0/38       AC:  2    Str: 10    XL:     5   Next: 96%
Magic:  10/14      EV: 11    Int: 20    God:
Gold:   111        SH:  0    Dex: 14    Spells: 9/18 levels left

rFire    . . .     SeeInvis .   s - +0 whip (elec)
rCold    . . .     Gourm    .   (no shield)
rNeg     . . .     Faith    .   a - +0 robe
rPois    .         Spirit   .   b - +0 hat
rElec    .         Reflect  .   (no cloak)
rCorr    .         Harm     .   (no gloves)
MR       .....                  (no boots)
Stlth    +++.......             (no amulet)
HPRegen  0.12/turn              (no ring)
MPRegen  0.14/turn              (no ring)

@: constricted
A: distributed training, fangs 1, strong nose
a: no special abilities


You were on level 3 of the Dungeon.
You were very hungry.

You visited 1 branch of the dungeon, and saw 3 of its levels.

You collected 111 gold pieces.

Inventory:

Hand Weapons
 s - a +0 whip of electrocution (weapon)
Armour
 a - a +0 robe (worn)
 b - a +0 hat (worn)
Jewellery
 n - an uncursed ring of stealth
Wands
 g - a wand of random effects (5)
Scrolls
 h - 2 scrolls of teleportation
 i - 2 scrolls of remove curse {unknown}
 j - 3 scrolls of identify
 l - 2 scrolls of fog
 o - a scroll of magic mapping {unknown}
Potions
 c - a potion of curing {unknown}
 e - a potion of flight
 f - a potion of cancellation
 k - 2 potions of might {unknown}
 m - a potion of agility {unknown}
 p - a potion of invisibility {unknown}
Comestibles
 d - 8 rations


   Skills:
 + Level 1.6 Fighting
 + Level 1.6 Short Blades
 + Level 1.6 Long Blades
 + Level 1.6 Axes
 + Level 1.6 Maces & Flails
 + Level 1.6 Polearms
 + Level 1.6 Staves
 + Level 1.6 Slings
 + Level 1.6 Bows
 + Level 1.6 Crossbows
 + Level 1.6 Throwing
 + Level 1.6 Armour
 + Level 4.8 Dodging
 + Level 4.5 Stealth
 + Level 1.6 Shields
 + Level 1.6 Unarmed Combat
 + Level 7.3 Spellcasting
 + Level 2.5 Conjurations
 + Level 1.3 Hexes
 + Level 1.3 Charms
 + Level 2.5 Summonings
 + Level 1.3 Necromancy
 + Level 2.5 Translocations
 + Level 1.3 Transmutations
 + Level 1.3 Fire Magic
 + Level 1.3 Ice Magic
 + Level 1.3 Air Magic
 + Level 1.3 Earth Magic
 + Level 1.3 Poison Magic
 + Level 1.9 Invocations
 + Level 1.6 Evocations


You had 9 spell levels left.
You knew the following spells:

 Your Spells              Type           Power        Failure   Level  Hunger
a - Magic Dart            Conj           ###.         3%          1    None
b - Conjure Flame         Conj/Fire      ###.....     12%         3    #......
c - Mephitic Cloud        Conj/Pois/Air  ##......     14%         3    #......
l - Blink                 Tloc           N/A          4%          2    None

Your spell library contained the following spells:

 Spells                   Type           Power        Failure   Level  Hunger
 Slow                     Hex            ##......     8%          2    None
 Call Imp                 Summ           ###.....     4%          2    None


Dungeon Overview and Level Annotations

Branches:
Dungeon (3/15)

Altars:

Annotations:
D:1 exclusion: 2 downstairs
D:2 exclusion: downstairs
D:3 Grinder


Innate Abilities, Weirdness & Mutations

Your experience applies equally to all skills.
You have very sharp teeth.
Your uncanny sense of smell can sniff out nearby items.


Message History

* * * LOW HITPOINT WARNING * * *
The ball python bites you but does no damage.
The ball python grabs you.
* * * LOW HITPOINT WARNING * * *
The ball python constricts you. The adder closely misses you.
It was a potion of flight.
You feel very buoyant.
You fly up into the air.
The ball python barely misses you.
* * * LOW HITPOINT WARNING * * *
The ball python constricts you. The adder closely misses you.
The ball python bites you but does no damage.
* * * LOW HITPOINT WARNING * * *
The ball python constricts you.
It was a potion of cancellation.
Your magical effects are unravelling.
You feel magically purged.
Your magical contamination has completely faded away.
You float gracefully downwards.
The adder barely misses you. The ball python misses you.
You die...

#######†##
#...#######
#.........#
#......≈≈≈#
#.....≈≈.≈#
#...≈≈≈≈≈≈#
#....≈#####
#..≈.≈#≈≈≈#
#.@S≈≈'≈.≈#
#..S.≈'≈≈≈#
###########


You could see an adder and a ball python.

Vanquished Creatures
  An orc wizard (D:3)
  A worker ant (D:2)
  3 adders
  3 river rats (D:3)
  3 worms
  5 dart slugs
  3 leopard geckos
  7 orcs
  4 giant cockroaches
  8 goblins
  11 hobgoblins
  4 jackals
  10 kobolds
  7 bats
  8 frilled lizards
  7 rats
85 creatures vanquished.

Notes
Turn   | Place    | Note
-------+----------+-------------------------------------------
     0 | D:1      | D1HalberdGnoll the Gnoll Wizard began the quest for the Orb.
     0 | D:1      | Reached XP level 1. HP: 13/13 MP: 8/8
   276 | D:1      | Reached XP level 2. HP: 19/19 MP: 8/10
   280 | D:1      | Learned a level 2 spell: Blink
   690 | D:1      | Reached XP level 3. HP: 25/25 MP: 3/11
   994 | D:1      | Learned a level 3 spell: Conjure Flame
  1281 | D:2      | Reached skill level 1 in Invocations
  1405 | D:2      | Reached skill level 1 in Fighting
  1405 | D:2      | Reached skill level 1 in Short Blades
  1405 | D:2      | Reached skill level 1 in Long Blades
  1405 | D:2      | Reached skill level 1 in Axes
  1405 | D:2      | Reached skill level 1 in Maces & Flails
  1405 | D:2      | Reached skill level 1 in Polearms
  1405 | D:2      | Reached skill level 1 in Staves
  1405 | D:2      | Reached skill level 1 in Slings
  1405 | D:2      | Reached skill level 1 in Bows
  1405 | D:2      | Reached skill level 1 in Crossbows
  1405 | D:2      | Reached skill level 1 in Throwing
  1405 | D:2      | Reached skill level 1 in Armour
  1405 | D:2      | Reached skill level 1 in Shields
  1405 | D:2      | Reached skill level 1 in Unarmed Combat
  1405 | D:2      | Reached skill level 1 in Evocations
  1591 | D:2      | Reached XP level 4. HP: 32/32 MP: 8/13
  1755 | D:2      | Reached skill level 1 in Hexes
  1755 | D:2      | Reached skill level 1 in Charms
  1755 | D:2      | Reached skill level 1 in Necromancy
  1755 | D:2      | Reached skill level 1 in Transmutations
  1755 | D:2      | Reached skill level 1 in Fire Magic
  1755 | D:2      | Reached skill level 1 in Ice Magic
  1755 | D:2      | Reached skill level 1 in Air Magic
  1755 | D:2      | Reached skill level 1 in Earth Magic
  1755 | D:2      | Reached skill level 1 in Poison Magic
  2136 | D:3      | Noticed Grinder
  2397 | D:3      | Reached XP level 5. HP: 37/37 MP: 7/14
  2445 | D:3      | Learned a level 3 spell: Mephitic Cloud
  2955 | D:3      | HP: 1/38 [ball python (1)]
  2956 | D:3      | Slain by a ball python

Vault maps used:
D:1:      sevenhm_arrival_forest_fort_large_4, minivault_4
D:2:      first_ration
D:3:      portal_sewer_entry_e, kennysheep_generic_room_12, uniq_grinder

Skill      XL: |  1  2  3  4 |
---------------+-------------+-----
Conjurations   | 2 |  2.5
Summonings     | 2 |  2.5
Translocations | 2 |  2.5
Invocations    | 1 |  1.9
Fighting       | 1 |  1.6
Short Blades   | 1 |  1.6
Long Blades    | 1 |  1.6
Axes           | 1 |  1.6
Maces & Flails | 1 |  1.6
Polearms       | 1 |  1.6
Staves         | 1 |  1.6
Slings         | 1 |  1.6
Bows           | 1 |  1.6
Crossbows      | 1 |  1.6
Throwing       | 1 |  1.6
Armour         | 1 |  1.6
Shields        | 1 |  1.6
Unarmed Combat | 1 |  1.6
Evocations     | 1 |  1.6
Hexes          | 1 |  1.3
Charms         | 1 |  1.3
Necromancy     | 1 |  1.3
Transmutations | 1 |  1.3
Fire Magic     | 1 |  1.3
Ice Magic      | 1 |  1.3
Air Magic      | 1 |  1.3
Earth Magic    | 1 |  1.3
Poison Magic   | 1 |  1.3
Dodging        | |  4.8
Stealth        | |  4.5
Spellcasting   | |  7.3

Action                   |  1- 3 |  4- 6 || total
-------------------------+-------+-------++-------
Melee: Unarmed           |     2 |       ||     2
       Whip              |     2 |    33 ||    35
       Short sword       |       |    21 ||    21
       Bite              |       |     2 ||     2
 Cast: Magic Dart        |    90 |   106 ||   196
       Mephitic Cloud    |       |     2 ||     2
  Use: Potion            |       |     3 ||     3
       Scroll            |       |     4 ||     4
  Eat: Chunk             |     2 |     3 ||     5
Armor: Robe              |     1 |    10 ||    11
Dodge: Dodged            |    14 |    60 ||    74

Table legend:
 A = Spawn XP
 B = Non-spawn XP
 C = Spawn XP percentage of total XP
 D = Spawn monster count
 E = Non-spawn monster count
 F = Spawn count percentage of total count
 G = Total turns spent on level
                    A         B        C        D         E        F      G
               +---------+---------+-------+---------+---------+-------+---------
         Total |       0 |     313 |   0.0 |       0 |      85 |   0.0 |  2956
               +---------+---------+-------+---------+---------+-------+---------
           D:1 |       0 |      38 |   0.0 |       0 |      23 |   0.0 |  1108
           D:2 |       0 |     124 |   0.0 |       0 |      33 |   0.0 |  1279
           D:3 |       0 |     151 |   0.0 |       0 |      29 |   0.0 |   569
               +---------+---------+-------+---------+---------+-------+---------
